 Dungeon Crawl Stone Soup version 0.32-a0-640-gc5db3fc (webtiles) character file.

Game seed: 17592098429996281254

111 Anonymous1 the Chopper (level 4, 0/40 HPs)
             Began as a Mountain Dwarf Berserker on Mar 7, 2024.
             Was a Believer of Trog.
             Slain by a gnoll
             ... wielding a +1 halberd of protection
              (6 damage)
             ... on level 2 of the Dungeon.
             The game lasted 00:03:25 (1409 turns).

Anonymous1 the Chopper (Mountain Dwarf Berserker)   Turns: 1409, Time: 00:03:26

Health: 0/40       AC:  9    Str: 21    XL:     4   Next: 62%
Magic:  4/4        EV:  8    Int:  8    God:    Trog [**....]
Gold:   24         SH:  0    Dex: 11    Spells: 3/3 levels left

rFire   . . .        a - +0 hand axe
rCold   . . .        (no shield)
rNeg    . . .        e - +0 chain mail
rPois   .            (no helmet)
rElec   .            (no cloak)
rCorr   .            (no gloves)
SInv    .            (no boots)
Will    .....        (no amulet) Stlth
                     (no ring)
HPRegen 0.26/turn    (no ring)
MPRegen 0.09/turn

%: no passive effects
@: no status effects
A: runic magic, artefact enchanting, thin skeletal structure 1, evolution 1
a: Renounce Religion, Berserk, Trog's Hand


You were on level 2 of the Dungeon.
You worshipped Trog.
Trog was pleased with you.
You visited 1 branch of the dungeon, and saw 2 of its levels.

You collected 50 gold pieces.
You spent 26 gold pieces at shops.

Inventory:

Hand Weapons
 a - a +0 hand axe (weapon)
Missiles
 b - 2 throwing nets (quivered)
Armour
 e - a +0 chain mail (worn)
Scrolls
 c - 2 scrolls of blinking {unknown}
 d - a scroll of teleportation {unknown}
 f - a scroll of identify
 h - a scroll of brand weapon {unknown}
Potions
 g - a potion of lignification


   Skills:
 + Level 4.0 Fighting
 * Level 5.7 Axes
 + Level 2.7 Armour
 - Level 1.3 Dodging


You had 3 spell levels left.
You didn't know any spells.
Your spell library was empty.

Dungeon Overview and Level Annotations

Branches:
Dungeon (2/15)

Altars:

Shops:
D:1 :   D:2 ?


Innate Abilities, Weirdness & Mutations

Your spellcasting is much less encumbered by armour.
You can use scrolls of enchantment on lesser artefacts.
You have a somewhat thin skeletal structure. (Dex +2, Stealth+)
You have hidden genetic potential.


Message History

You hit the gnoll.
The gnoll is heavily wounded.
The gnoll hits you with a +1 halberd of protection!
You hit the gnoll.
The gnoll is severely wounded.
You closely miss the gnoll.
The gnoll hits you but does no damage. x2
Unknown command.
You hit the gnoll but do no damage.
The gnoll is severely wounded.
You closely miss the gnoll. The gnoll barely misses you.
The gnoll hits you but does no damage.
You hit the gnoll but do no damage.
The gnoll is severely wounded.
You hit the gnoll but do no damage.
The gnoll hits you with a +1 halberd of protection!
The gnoll hits you but does no damage.
Unknown command.
You are too injured to fight recklessly!
Unknown command.
You are too injured to fight recklessly!
You barely miss the gnoll. You hit the gnoll. The gnoll closely misses you.
The gnoll hits you but does no damage.
You slash the gnoll!
The gnoll is heavily wounded.
You hit the gnoll but do no damage. The gnoll hits you with a +0 club.
* * * LOW HITPOINT WARNING * * *
The gnoll hits you with a +1 halberd of protection.
* * * LOW HITPOINT WARNING * * *
Unknown command.
You hit the gnoll.
The gnoll is almost dead.
You hit the gnoll but do no damage. The gnoll closely misses you.
The gnoll hits you with a +0 club.
* * * LOW HITPOINT WARNING * * *
Unknown command.
You barely miss the gnoll.
The gnoll is almost dead.
You hit the gnoll but do no damage.
The gnoll hits you with a +1 halberd of protection.
You die...

#.####.#...#.....# .
#...)).....#.....#.#
#########..#.....#.# #
...........#.......# ..
#########..#......###.#.
##.#............
#######)#...........#
#......†))...........
#..........?.@g......
#........>####g......
#.........# $......
#.........# .......
#.........# .......
#.........# .......
#........)# #######


You could see 2 gnolls.

Vanquished Creatures
  7 gnolls (D:2)
  An adder (D:2)
  A ribbon worm (D:2)
  4 ball pythons
  A bat (D:1)
  3 endoplasms
  A giant cockroach (D:1)
  2 goblins (D:2)
  3 hobgoblins
  3 jackals (D:1)
  2 kobolds (D:2)
  A quokka (D:2)
  2 frilled lizards (D:2)
  2 rats
33 creatures vanquished.

Notes
Turn   | Place    | Note
-------+----------+-------------------------------------------
     0 | D:1      | Anonymous1 the Mountain Dwarf Berserker began the quest for
                  | the Orb.
     0 | D:1      | Reached XP level 1. HP: 19/19 MP: 1/1
   148 | D:1      | Found a faded altar of an unknown god.
   237 | D:1      | Found Looseoxt's Book Boutique.
   289 | D:1      | Reached skill level 4 in Axes
   342 | D:1      | Reached XP level 2. HP: 26/26 MP: 2/2
  1097 | D:2      | Reached XP level 3. HP: 24/33 MP: 3/3
  1101 | D:2      | Reached skill level 5 in Axes
  1107 | D:2      | Reached XP level 4. HP: 16/40 MP: 4/4
  1273 | D:2      | Found Winiryl's Magic Scroll Shoppe.
  1303 | D:2      | Bought a scroll of identify for 26 gold pieces
  1335 | D:2      | Gained mutation: You have hidden genetic potential. [potion
                  | of mutation]
  1335 | D:2      | Gained mutation: You have a somewhat thin skeletal
                  | structure. (Dex +2, Stealth+) [potion of mutation]
  1389 | D:2      | Reached ** piety under Trog
  1409 | D:2      | Slain by a gnoll

Illustrated notes

Levels and vault maps discovered:
D:1:      evilmike_arrival_hilbert_curve, layout_basic,
          shapermc_ecumenical_altar_mp_highgroup, serial_shops,
          nicolae_square_shop
D:2:      layout_basic, serial_shops, shop, hex_medium, uniq_sigmund

Skill      XL: |  1  2  3  4 |
---------------+-------------+-----
Axes           | 4 5 |  5.7
Fighting       | 4 |  4.0
Armour         | |  2.7
Dodging        | |  1.3

Action                     |  1- 3 |  4- 6 || total
---------------------------+-------+-------++-------
  Melee: Hand axe          |    77 |    43 ||   120
 Invoke: Berserk           |     2 |     1 ||     3
    Use: Scroll            |       |     3 ||     3
         Potion            |       |     2 ||     2
 Armour: Animal skin       |    16 |       ||    16
         Chain mail        |    66 |    50 ||   116
  Dodge: Dodged            |    34 |    16 ||    50

Table legend: (Time is in decaauts)
 A = Elapsed time spent in this place.
 B = Non-inter-level travel time spent in this place.
 C = Inter-level travel time spent in this place.
 D = Time resting spent in this place.
 E = Time spent auto-exploring this place.
 F = Levels seen in this place.
 G = Mean time per level.
                   A        B        C        D        E       F      G
               +--------+--------+--------+--------+--------+-----+--------+
         Total |   1447 |   1429 |     18 |    213 |    960 |   2 |  723.5 |
       Dungeon |   1447 |   1429 |     18 |    213 |    960 |   2 |  723.5 |
               +--------+--------+--------+--------+--------+-----+--------+

Top non-repeatable levels by time:
     D:1: 947 daAuts
     D:2: 499 daAuts
